AoeStats
← Reis

African Clearing

506639144Analyzed
4v4 RM · 19d ago on Sep 14, 2026· 24m 53s· 8 players
Game mode
Random Map
Map size
Large (8 player)
Population
200
Speed
Normal
Resources
Standard
Victory
Conquest
Starting age
Dark Age
Ending age
Imperial Age
RankedLock teamsTeams togetherTeam positionsShared explorationLock speedFull tech treeHidden civsTurbo modeCheats
Victory
Defeat
🇨🇭 Bulgarians · Switzerland
1296
+11
🇹🇼 Franks · Taiwan
1237
+13
🇦🇺 Chinese · Australia
1210
+14
🇩🇪 Lithuanians · Germany
1161
+16
🇨🇳 Vietnamese · China
1459
-24
🇧🇷 Spanish · Brazil
1232
-16
🇨🇳 Mongols · China
998
-7
🇦🇷 Celts · Argentina
979
-7
gw=ar
10:23 Loom
12:29 Feudal Age
13:08 Double-Bit Axe
17:49 Forging
21:23 Castle Age
22:07 Scale Barding Armor
23:22 Chain Barding Armor
23:15 Bow Saw
Reis
7:50 Loom
13:23 Feudal Age
17:52 Castle Age
18:33 Fletching
18:49 Scale Barding Armor
19:17 Bodkin Arrow
Greiffović
3:25 Loom
14:58 Feudal Age
18:45 Castle Age
16:54 Horse Collar
16:59 Double-Bit Axe
17:09 Gold Mining
18:31 Scale Barding Armor
18:23 Stone Mining
20:44 Bow Saw
24:55 Heavy Plow
25:25 Fervor
Severe Burden
3:48 Loom
15:10 Feudal Age
16:22 Double-Bit Axe
20:13 Castle Age
18:03 Fishing Lines
19:07 Fletching
20:06 Horse Collar
20:18 Stone Mining
20:18 Gold Mining
21:08 Bodkin Arrow
21:35 Bow Saw
23:01 Heavy Plow
23:36 Gillnets
23:43 Town Watch
25:50 Wheelbarrow
tony.li
8:26 Loom
14:17 Feudal Age
21:49 Castle Age
20:06 Fletching
Master Noob
13:14 Feudal Age
18:35 Castle Age
16:30 Double-Bit Axe
16:29 Horse Collar
19:40 Bow Saw
19:45 Pikeman
22:30 Fletching
Dreamblack
5:49 Loom
15:16 Feudal Age
17:36 Double-Bit Axe
17:59 Town Watch
18:19 Fishing Lines
林
16:39 Feudal Age
Connection lost

Rejoining the realm…

Still unreachable

The connection could not be restored.

Session expired

The server has moved on; the page needs a fresh start.